 Dungeon Crawl Stone Soup version 0.29-a0-923-g6e406bff71 (webtiles) character file.

Game seed: 13759768703160951545

14 manyhoops the Sneak (level 2, -6/26 HPs)
             Began as a Demigod Delver on July 27, 2022.
             Mangled by a mummy (14 damage)
             ... in an ossuary.
             The game lasted 00:01:24 (245 turns).

manyhoops the Sneak (Demigod Delver)                 Turns: 245, Time: 00:01:24

Health: -6/26      AC:  3    Str: 13    XL:     2   Next: 18%
Magic:  4/4        EV: 11    Int: 12    God:
Gold:   0          SH:  0    Dex: 15    Spells: 1/1 levels left

rFire   . . .      SeeInvis .   a - +0 short sword
rCold   . . .      Faith    .   (no shield)
rNeg    . . .      Spirit   .   b - +0 leather armour
rPois   .          Reflect  .   (no helmet)
rElec   .          Harm     .   (no cloak)
rCorr   .          Rampage  .   (no gloves)
Will    .....                   (no boots)
Stlth   +++.......              (no amulet)
HPRegen 0.08/turn               (no ring)
MPRegen 0.09/turn               (no ring)

@: marked, hasted, very quick
A: high MP 1, forlorn, divine attributes
a: no special abilities


You were in an ossuary.
You visited 1 branch of the dungeon, and saw 1 of its levels.
You also visited: Ossuary.

Inventory:

Hand Weapons
 a - a +0 short sword (weapon)
Armour
 b - a +0 leather armour (worn)
Wands
 g - a wand of digging (3)
Scrolls
 c - a scroll of fog
 d - a scroll of magic mapping
 e - a scroll of fear


   Skills:
 - Level 3.0 Fighting
 - Level 2.3 Short Blades
 - Level 1.7 Dodging
 - Level 4.5 Stealth


You had one spell level left.
You didn't know any spells.
Your spell library was empty.

Dungeon Overview and Level Annotations

Branches:
Dungeon (5/15)            Ossuary (1/1)
 Temple: D:4-7


Innate Abilities, Weirdness & Mutations

You have an increased reservoir of magic. (+10% MP)
You shall have no god before yourself.
Your divine heritage dramatically boosts your attributes as you level up.


Message History

A mummy comes into view.
You hit the centaur zombie.
The centaur zombie is lightly damaged.
The centaur zombie hits you. The centaur zombie kicks you.
The hobgoblin zombie barely misses you.
The rat zombie sets off the alarm!
The alarm trap emits a blaring wail!
The mark upon you grows brighter.
You completely miss the centaur zombie.
The centaur zombie is lightly damaged.
The centaur zombie hits you but does no damage.
The centaur zombie barely misses you.
A rat zombie comes into view.
The hobgoblin zombie hits you but does no damage.
The centaur zombie hits you. The centaur zombie closely misses you.
You feel yourself speed up. The centaur zombie barely misses you.
The centaur zombie kicks you but does no damage.
You closely miss the mummy. The centaur zombie hits you.
The centaur zombie closely misses you.
You hit the mummy but do no damage. The centaur zombie barely misses you.
The centaur zombie kicks you but does no damage.
You hit the mummy.
The mummy is moderately damaged.
The centaur zombie hits you. The centaur zombie barely misses you.
You hit the mummy but do no damage.
The mummy is moderately damaged.
You hit the mummy.
The mummy is heavily damaged.
The centaur zombie closely misses you. x2; The mummy hits you.
You hit the mummy.
The mummy is heavily damaged.
The centaur zombie hits you. The centaur zombie barely misses you.
You barely miss the mummy.
The mummy is heavily damaged.
The centaur zombie closely misses you. The centaur zombie barely misses you.
A mummy comes into view.
You barely miss the mummy.
The mummy is heavily damaged.
The mummy hits you!
Ouch! That really hurt!
You die...

#....................#
#....................#
#........8..8........#
#....................#
#...######^.######...#
#...# #.^# #...# #...#
#..# #...#
#...#Z####Z.####.#...#
#...#ZZZ@MZZ.....#...#
#...#.####ZZ.....#...#
#...# #.Z.....#...#
#...# #..M....#...#
#...# #.∩.....#...#
#...# ....+####...#
#...# #...# #...#
#...# #...# #...#
#...##############...#


You could see 2 mummies, an adder zombie, 2 rat zombies, 3 hobgoblin zombies, a
kobold zombie, a centaur zombie and 2 human zombies.

Vanquished Creatures
  3 hobgoblin zombies (Ossuary)
  6 kobold zombies (Ossuary)
  11 orc zombies (Ossuary)
  A rat zombie (Ossuary)
21 creatures vanquished.

Notes
Turn   | Place    | Note
-------+----------+-------------------------------------------
     0 | D:5      | manyhoops the Demigod Delver began the quest for the Orb.
     0 | D:5      | Reached XP level 1. HP: 18/18 MP: 3/3
     2 | D:5      | Found a sand-covered staircase.
     8 | Ossuary  | Entered an ossuary
   137 | Ossuary  | Reached XP level 2. HP: 24/26 MP: 4/4
   245 | Ossuary  | Mangled by a mummy

Illustrated notes

Levels and vault maps discovered:
D:5:      layout_basic, nicolae_ru_awakened_eye, nicolae_ossuary_entry_plus,
          mrwooster_statue_mirror
Ossuary:  ossuary_tomb_1

Skill      XL: |  1 |
---------------+----+-----
Short Blades   | 2 |  2.3
Fighting       | 3 |  3.0
Dodging        | |  1.7
Stealth        | |  4.5

Action                   || total
-------------------------++-------
Melee: Short sword       ||    99
       Punch             ||     1
  Use: Potion            ||     1
 Stab: Sleeping          ||     1
Armor: Leather armour    ||    27
Dodge: Dodged            ||    68

Table legend: (Time is in decaauts)
 A = Elapsed time spent in this place.
 B = Non-inter-level travel time spent in this place.
 C = Inter-level travel time spent in this place.
 D = Time resting spent in this place.
 E = Time spent auto-exploring this place.
 F = Levels seen in this place.
 G = Mean time per level.
                   A        B        C        D        E       F      G
               +--------+--------+--------+--------+--------+-----+--------+
         Total |    242 |    242 |      0 |      0 |     42 |   2 |  121.0 |
       Dungeon |      8 |      8 |      0 |      0 |      0 |   1 |    8.0 |
       Ossuary |    234 |    234 |      0 |      0 |     42 |   1 |  234.0 |
               +--------+--------+--------+--------+--------+-----+--------+

Top non-repeatable levels by time:
 Ossuary: 234 daAuts
     D:5: 8 daAuts
